 Dungeon Crawl Stone Soup version 0.28.0-45-g0d030f2227 (webtiles) character file.

Game seed: 5805660663818814860

3556 yunder69 the Blocker (level 9, -1/70 HPs)
             Began as a Minotaur Berserker on Apr 2, 2022.
             Was a Priest of Trog.
             Slain by an orc warrior
             ... wielding a +0 war axe
              (4 damage)
             ... on level 8 of the Dungeon.
             The game lasted 00:21:51 (7822 turns).

yunder69 the Blocker (Minotaur Berserker)           Turns: 7822, Time: 00:21:53

Health: -1/70      AC:  9    Str: 25    XL:     9   Next: 83%
Magic:  8/8        EV: 10    Int:  6    God:    Trog [***...]
Gold:   312        SH: 15    Dex:  9    Spells: 8/8 levels left

rFire   . . .      SeeInvis .   D - +1 war axe (flame)
rCold   . . .      Faith    .   g - +0 kite shield
rNeg    . . .      Spirit   .   y - +3 ring mail
rPois   .          Reflect  +   (helmet restricted)
rElec   .          Harm     .   e - +0 cloak
rCorr   .          Rampage  .   (no gloves)
Will    .....                   (no boots)
Stlth   ..........              z - amulet of reflection
HPRegen 0.21/turn               (no ring)
MPRegen 0.11/turn               (no ring)

@: on berserk cooldown, slowed, very slow
A: horns 2, retaliatory headbutt
a: Renounce Religion, Berserk, Trog's Hand


You were on level 8 of the Dungeon.
You worshipped Trog.
Trog was most pleased with you.
You visited 1 branch of the dungeon, and saw 8 of its levels.

You collected 312 gold pieces.

Inventory:

Hand Weapons
 u - a +0 hand crossbow
 D - a +1 war axe of flaming (weapon)
 E - a +1 war axe of freezing
 G - a +1 battleaxe
 O - a +4 hand axe
 P - a +3 war axe
Missiles
 a - 50 stones
 q - 61 bolts
 r - a throwing net
 t - 17 poisoned darts (quivered)
 x - a silver boomerang
Armour
 e - a +0 cloak (worn)
 g - a +0 kite shield (worn)
 y - a +3 ring mail (worn)
 Q - a +1 pair of gloves
Jewellery
 z - an amulet of reflection (around neck)
Wands
 l - a wand of polymorph (22)
 o - a wand of digging (6)
 w - a wand of acid (17)
Scrolls
 c - 4 scrolls of identify
 d - a scroll of fear {unknown}
 h - 4 scrolls of teleportation
 p - 2 scrolls of brand weapon {unknown}
 s - 2 scrolls of vulnerability {unknown}
 C - a scroll of blinking
 I - a scroll of holy word {unknown}
 J - 2 scrolls of noise {unknown}
 K - a scroll of summoning {unknown}
 M - a scroll of enchant weapon {unknown}
 N - a scroll of fog {unknown}
Potions
 b - a potion of heal wounds
 f - 2 potions of magic {unknown}
 i - a potion of lignification {unknown}
 j - 4 potions of curing
 k - a potion of flight {unknown}
 m - 2 potions of brilliance {unknown}
 v - 3 potions of mutation {unknown}
 A - a potion of haste {unknown}
 B - a potion of attraction {unknown}
 F - a potion of ambrosia {unknown}
 H - a potion of invisibility {unknown}
 L - a potion of resistance {unknown}


   Skills:
 - Level 3.6 Fighting
 - Level 8.0 Axes
 - Level 10.0 Crossbows
 - Level 2.4 Armour
 - Level 2.1 Dodging
 + Level 10.7 Shields


You had 8 spell levels left.
You didn't know any spells.
Your spell library was empty.

Dungeon Overview and Level Annotations

Branches:
Dungeon (8/15)             Temple (0/1) D:4
   Lair: D:8-11

Altars:

Shops:
D:1 ?   D:4 [[([:


Innate Abilities, Weirdness & Mutations

You have a pair of horns on your head.
You reflexively headbutt those who attack you in melee.


Message History

You slash the orc warrior! You burn the orc warrior.
The orc warrior hits you with a +0 glaive!!
You block the orc warrior's attack.
You are no longer berserk.
You are exhausted.
You feel yourself slow down.
Items here: )))) [[[ †††.
What are your orders? t - Shout!
Orders for allies: a - Attack new target. r - Retreat! s - Stop attacking. g - Guard the area. f - Follow me.
Anything else - Cancel.
Okay, then.
Your skin stops crawling.
You feel less strong-willed. You block the orc warrior's attack.
Why would you want to do that? Why would you want to do that?
You enter the shallow water.
Moving in this stuff is going to be slow.
You block the orc warrior's attack. You block the orc warrior's attack.
You closely miss the orc warrior.
The orc warrior is heavily wounded.
You block the orc warrior's attack. x2
The orc warrior hits you from afar with a +0 glaive!
The orc warrior closely misses you.
You hit the orc warrior. You burn the orc warrior.
You headbutt the orc warrior.
The orc warrior is severely wounded.
You block the orc warrior's attack. x2; The orc warrior barely misses you.
The orc warrior hits you with a +0 war axe!
* * * LOW HITPOINT WARNING * * *
You barely miss the orc warrior. Your headbutt misses the orc warrior.
The orc warrior is severely wounded.
You block the orc warrior's attack. x2
The orc warrior hits you from afar with a +0 glaive!
* * * LOW HITPOINT WARNING * * *
The orc warrior hits you with a +0 war axe.
You die...

#######.#............#
.........#####.#####.#
######..# #.# #.#
.########.############.#
..........#.....#.......
..........#.....#.......
..........#...$.#.......
.######...#.o.o.#.......
#@###ooooo##.....#
.######o###ooooo#####.##
.......oo.####)# .....
.###...o.o≈.o#)# ###..#
#....≈≈o≈.oo# ....#
#....≈≈≈≈...# ####.#
#....≈≈≈≈...# .
#.....≈≈≈.#.# .
#.........#.#


You could see 2 orc warriors and 4 orcs.

Vanquished Creatures
  The ghost of cookedgoose the Covert, a novice SpEE (D:7)
  A manticore (D:7)
  A cyclops (D:7)
  A steam dragon (D:6)
  Edmund (D:4)
  Duvessa (D:6)
  An orc warrior (D:8)
  A sky beast (D:8)
  A necrophage (D:5)
  2 ogres
  A centaur (D:5)
  3 phantoms
  A kobold brigand (D:6)
  2 bullfrogs
  A scorpion (D:6)
  A wyvern skeleton (D:7)
  Dowan (D:6)
  4 wights (D:7)
  A howler monkey (D:6)
  2 centaur zombies
  2 hounds
  2 jellies
  3 orc priests
  Crazy Yiuf (D:6)
  2 bullfrog skeletons
  A centaur skeleton (D:5)
  2 iguanas
  Jessica (D:2)
  An orc wizard (D:4)
  A killer bee zombie (D:6)
  4 gnolls
  4 adders
  An ufetubus (D:5)
  2 worms (D:3)
  3 dart slugs
  31 orcs
  7 endoplasms
  6 giant cockroaches
  12 goblins
  7 hobgoblins
  2 jackals (D:1)
  3 quokkas
  3 ball pythons
  8 bats
  4 frilled lizards
  A goblin zombie (D:4)
  16 kobolds
  6 rats
  A rat zombie (D:4)
165 creatures vanquished.

Vanquished Creatures (others)
  2 demonic plants (D:1)
  A withered plant (D:7)
3 creatures vanquished.

Grand Total: 168 creatures vanquished

Notes
Turn   | Place    | Note
-------+----------+-------------------------------------------
     0 | D:1      | yunder69 the Minotaur Berserker began the quest for the
                  | Orb.
     0 | D:1      | Reached XP level 1. HP: 19/19 MP: 0/0
   205 | D:1      | Reached XP level 2. HP: 26/26 MP: 1/1
   261 | D:1      | Found Jiqa's Magic Scroll Shop.
   545 | D:1      | Reached ** piety under Trog
   581 | D:1      | Found a faded altar of an unknown god.
   581 | D:1      | Noticed a smoke demon
   695 | D:1      | Reached skill level 5 in Axes
   706 | D:1      | Reached XP level 3. HP: 24/31 MP: 2/2
  1150 | D:2      | Noticed Jessica
  1155 | D:2      | Killed Jessica
  1156 | D:2      | Reached skill level 1 in Shields
  1304 | D:2      | Reached XP level 4. HP: 39/39 MP: 3/3
  2483 | D:3      | You fall into a shaft and drop 2 floors!
  2483 | D:5      | Entered Level 5 of the Dungeon
  2495 | D:5      | Reached *** piety under Trog
  2502 | D:5      | Reached XP level 5. HP: 45/45 MP: 4/4
  2936 | D:4      | Noticed a phantom
  2943 | D:4      | Killed a phantom
  2944 | D:4      | Reached XP level 6. HP: 51/51 MP: 5/5
  3054 | D:4      | Found a sand-covered staircase.
  3069 | D:4      | Found Baitt's Antique Armour Emporium.
  3115 | D:4      | Found Leanis's Antique Weapon Boutique.
  3115 | D:4      | Found Obines's Antique Armour Shoppe.
  3121 | D:4      | Found a staircase to the Ecumenical Temple.
  3169 | D:4      | Found Tuodyil's Book Shoppe.
  3315 | D:4      | Noticed Edmund
  3326 | D:4      | Killed Edmund
  3327 | D:4      | Reached skill level 1 in Crossbows
  3541 | D:4      | Found Veoref's Antique Armour Emporium.
  4042 | D:5      | Reached XP level 7. HP: 57/57 MP: 6/6
  4272 | D:5      | Reached skill level 5 in Shields
  4445 | D:5      | Reached skill level 5 in Crossbows
  4714 | D:6      | Reached XP level 8. HP: 64/64 MP: 7/7
  4963 | D:6      | Found a runed translucent door.
  4964 | D:6      | Noticed Crazy Yiuf
  5401 | D:6      | Noticed Duvessa
  5403 | D:6      | Noticed Dowan
  5417 | D:6      | Killed Duvessa
  5419 | D:6      | Killed Dowan
  6291 | D:6      | Killed Crazy Yiuf
  6669 | D:7      | Found a runed translucent door.
  6669 | D:7      | Noticed cookedgoose's ghost (novice SpEE)
  6787 | D:7      | Killed cookedgoose's ghost
  6788 | D:7      | Reached XP level 9. HP: 31/70 MP: 8/8
  6933 | D:7      | Noticed a manticore
  6951 | D:7      | Killed a manticore
  7121 | D:7      | Reached skill level 10 in Crossbows
  7338 | D:7      | Noticed a cyclops
  7345 | D:7      | Killed a cyclops
  7346 | D:7      | Reached skill level 10 in Shields
  7822 | D:8      | HP: 3/70 [orc warrior/+0 glaive (10)]
  7822 | D:8      | Slain by an orc warrior

Illustrated notes

Levels and vault maps discovered:
D:1:      lemuel_arrival_tunnels, layout_rooms,
          dreamdust_ecumenical_altar_sealed_demon, serial_shops, shop
D:2:      layout_basic, uniq_jessica
D:3:      layout_loops_ring, hangedman_decor_opposing
D:4:      layout_basic, temple_statues, serial_shops, shop, shop,
          nicolae_shop_behind_doors, shop, nicolae_shop_hallway_plus,
          enter_ossuary_4, uniq_edmund
D:5:      layout_rooms
D:6:      layout_basic, chequers_serial_rivers_room_a, uniq_duvessa,
          uniq_crazy_yiuf_cottage
D:7:      layout_basic, enter_bailey_7, gammafunk_ghost_grave
D:8:      layout_basic, special_room [special_room_orc], kennysheep_crisscross

Skill      XL: |  1  2  3  4  5  6  7  8  9 |
---------------+----------------------------+-----
Axes           | 4 5 6 7 8 |  8.0
Shields        | 1 2 3 4 5 7 10 | 10.7
Crossbows      | 2 5 9 10 | 10.0
Fighting       | |  3.6
Armour         | |  2.4
Dodging        | |  2.1

Action                   |  1- 3 |  4- 6 |  7- 9 || total
-------------------------+-------+-------+-------++-------
Melee: Hand axe          |    70 |   102 |     6 ||   178
       Headbutt          |    12 |    17 |    25 ||    54
       Hand crossbow     |       |     9 |     1 ||    10
       Flail             |       |       |    62 ||    62
       War axe           |       |       |   134 ||   134
 Fire: Hand crossbow     |       |    12 |    52 ||    64
Invok: Berserk           |       |     4 |     9 ||    13
       Trog's Hand       |       |     3 |     9 ||    12
  Use: Scroll            |       |     2 |     2 ||     4
       Potion            |       |       |     1 ||     1
Armor: Animal skin       |    13 |       |       ||    13
       Ring mail         |     7 |     9 |    59 ||    75
       Scale mail        |       |     7 |       ||     7
       Chain mail        |       |    34 |       ||    34
Dodge: Dodged            |    48 |    38 |    57 ||   143
Block: Kite shield       |    13 |    39 |   163 ||   215
       Reflection        |       |       |     8 ||     8
